 Dungeon Crawl Stone Soup version 0.29.1-15-g9cfb28693d (webtiles) character file.

Game seed: 9024771976544515477

152 growler the Insei (level 5, -4/37 HPs)
             Began as a Merfolk Transmuter on Apr 27, 2023.
             Killed from afar by an orc wizard (9 damage)
             ... with a puff of flame
             ... on level 2 of the Dungeon.
             The game lasted 00:09:11 (3601 turns).

growler the Insei (Merfolk Transmuter)              Turns: 3601, Time: 00:09:12

Health: -4/37      AC:  5    Str: 10    XL:     5   Next: 34%
Magic:  6/9        EV: 12    Int: 15    God:
Gold:   123        SH:  0    Dex: 14    Spells: 0/10 levels left

rFire   . . .      SeeInvis .     - Unarmed
rCold   . . .      Faith    .   (no shield)
rNeg    . . .      Spirit   .   a - +0 robe
rPois   .          Reflect  .   (no helmet)
rElec   .          Harm     .   (no cloak)
rCorr   .          Rampage  .   c - +2 pair of gloves
Will    .....                   (no boots)
Stlth   +.........              (no amulet)
HPRegen 0.12/turn               (no ring)
MPRegen 0.11/turn               (no ring)

@: no status effects
A: (nimble swimmer 2), mertail
a: no special abilities


You were on level 2 of the Dungeon.
You visited 1 branch of the dungeon, and saw 3 of its levels.

You collected 123 gold pieces.

Inventory:

Armour
 a - a +0 robe (worn)
 c - a +2 pair of gloves (worn)
Wands
 t - a wand of flame (19)
Scrolls
 e - a scroll of poison {unknown}
 f - 2 scrolls of fear {unknown}
 g - a scroll of immolation {unknown}
 i - a scroll of enchant weapon {unknown}
 l - 5 scrolls of identify {unknown}
 m - a scroll of amnesia {unknown}
 n - a scroll of fog {unknown}
 o - a scroll of blinking {unknown}
 r - a scroll of noise {unknown}
 s - a scroll of silence {unknown}
 u - a scroll of teleportation {unknown}
Potions
 b - a potion of lignification
 d - a potion of ambrosia {unknown}
 h - 2 potions of curing {unknown}
 j - a potion of degeneration {unknown}
 k - a potion of brilliance {unknown}
 p - a potion of flight {unknown}
 q - a potion of might {unknown}


   Skills:
 - Level 1.1 Fighting
 - Level 2.6 Dodging
 + Level 5.2 Unarmed Combat
 - Level 3.0 Spellcasting
 - Level 4.0 Transmutations


You couldn't memorise any spells.
You knew the following spells:

 Your Spells              Type           Power      Damage    Failure   Level
a - Beastly Appendage     Tmut           28%        N/A       3%          1
b - Wereblood             Tmut           14%        N/A       6%          2
c - Spider Form           Tmut/Pois      8%         N/A       26%         3
d - Ice Form              Ice/Tmut       8%         N/A       65%         4

Your spell library contained the following spells:

 Spells                   Type           Power      Damage    Failure   Level
 Dazzling Flash           Conj/Hex       4%         N/A       52%         3
 Iskenderun's Mystic Bla  Conj/Tloc      2%         2d3       89%         4
 Starburst                Conj/Fire      1%         6d3       100%        6


Dungeon Overview and Level Annotations

Branches:
Dungeon (3/15)

Altars:
Cheibriados
Dithmenos
Fedhas
Gozag
Makhleb
Okawaru
Sif Muna
Wu Jian
Xom
Zin


Innate Abilities, Weirdness & Mutations

((You are very nimble when in or above water. (Stealth+, EV+, Speed+++)))
Your lower body shifts to a powerful aquatic tail in water.


Message History

Something misses you. Something closely misses you.
Something barely misses you. The gnoll hits you with a +0 spear.
You bite the gnoll!
The gnoll is poisoned.
The gnoll is severely wounded.
You bite the gnoll!
You kill the gnoll!
You hear some strange, mumbled words.
A puff of flame appears from out of thin air!
The puff of flame hits you! Something hits you.
Your transformation has ended.
Your +2 pair of gloves unmelds from your body.
Your +0 robe unmelds from your body.
Something hits you.
There is a stone staircase leading up here.
You hear some strange, mumbled words.
A puff of flame appears from out of thin air!
The puff of flame misses you.
You climb upwards.
Reactivating autopickup.
There is a stone staircase leading down here.
Something hits you.
Deactivating autopickup; reactivate with Ctrl-A.
You hit something but do no damage. Something hits you.
You closely miss something. Something hits you.
* * * LOW HITPOINT WARNING * * *
You barely miss something. Something hits you but does no damage.
Okay, then.
You barely miss something. Something hits you.
* * * LOW HITPOINT WARNING * * *
You completely miss something. Something hits you but does no damage.
You hit something but do no damage. Something hits you but does no damage.
You miss something. Something hits you.
* * * LOW HITPOINT WARNING * * *
You hit something.
You hear some strange, mumbled words.
A puff of flame appears from out of thin air!
The puff of flame hits you!
You die...

#.######.###### #########
#.#....#......# #.......#
#.#.##.#.####.# #.......#
#.#....#.####.# #.......#
#.#..#......#.# #.......###
#.#..#.####.#.# #.......##.
#.#....####.#.######.......##.
#.#..#......#{.............##.
#.#..........@##.###.......##.
##.####.######.##.###.......##.
#...............#..##........#.
#######....###..##.##........#.
####.###..##.##........#.
#.##.......#.)......#.
#.##.#.#.#............
######.##.#.#.#.########.#.
#......##.#.#.#.# #.#.


There were no monsters in sight!

Vanquished Creatures
  An orc priest (D:3)
  An orc wizard (D:3)
  An adder (D:3)
  2 gnolls (D:3)
  A worm (D:2)
  3 dart slugs
  5 orcs (D:3)
  7 bats
  2 endoplasms
  2 giant cockroaches
  4 hobgoblins (D:1)
  5 jackals
  4 kobolds
  2 quokkas (D:1)
  3 ball pythons
  A frilled lizard (D:1)
  7 goblins
  10 rats
61 creatures vanquished.

Vanquished Creatures (others)
  3 plants (D:1)
3 creatures vanquished.

Grand Total: 64 creatures vanquished

Notes
Turn   | Place    | Note
-------+----------+-------------------------------------------
     0 | D:1      | growler the Merfolk Transmuter began the quest for the Orb.
     0 | D:1      | Reached XP level 1. HP: 15/15 MP: 3/3
   302 | D:1      | Reached XP level 2. HP: 18/21 MP: 3/5
   308 | D:1      | Learned a level 2 spell: Wereblood
   640 | D:1      | Found a faded altar of an unknown god.
   702 | D:1      | Reached XP level 3. HP: 26/26 MP: 4/6
   710 | D:1      | Learned a level 3 spell: Spider Form
  2136 | D:2      | Found a shadowy altar of Dithmenos.
  2389 | D:3      | Reached skill level 4 in Unarmed Combat
  2690 | D:3      | Reached XP level 4. HP: 31/32 MP: 5/8
  2728 | D:3      | Found an opulent altar of Gozag.
  2728 | D:3      | Found a shimmering blue altar of Sif Muna.
  3359 | D:3      | Reached skill level 5 in Unarmed Combat
  3359 | D:3      | Reached XP level 5. HP: 22/37 MP: 7/9
  3364 | D:3      | Learned a level 4 spell: Ice Form
  3564 | D:3      | Found a shimmering altar of Xom.
  3564 | D:3      | Found a blossoming altar of Fedhas.
  3565 | D:3      | Found a glowing silver altar of Zin.
  3565 | D:3      | Found a burning altar of Makhleb.
  3567 | D:3      | Found an ornate altar of the Wu Jian Council.
  3567 | D:3      | Found a snail-covered altar of Cheibriados.
  3567 | D:3      | Found an iron altar of Okawaru.
  3601 | D:2      | Killed from afar by an orc wizard

Illustrated notes

Levels and vault maps discovered:
D:1:      minmay_arrival_semitransparent, layout_basic, basic_ecumenical_altar,
          serial_forest, infiniplex_forest_straight_5,
          infiniplex_forest_lined_corner, infiniplex_forest_lined_room_3,
          infiniplex_forest_lined_1, infiniplex_forest_clump_cross,
          infiniplex_forest_clump_tiny, infiniplex_forest_lined_room_2
D:2:      layout_basic, basic_altar
D:3:      layout_loops_ring, nicolae_overflows_in_rows

Skill      XL: |  1  2  3  4 |
---------------+-------------+-----
Transmutations | 3 4 |  4.0
Unarmed Combat | 4 5 |  5.2
Spellcasting   | 3 |  3.0
Fighting       | |  1.1
Dodging        | |  2.6

Action                   |  1- 3 |  4- 6 || total
-------------------------+-------+-------++-------
Melee: Unarmed           |   111 |    47 ||   158
       Headbutt          |    13 |     6 ||    19
       Punch             |     3 |       ||     3
 Cast: Beastly Appendage |    30 |     5 ||    35
       Wereblood         |     1 |     1 ||     2
       Spider Form       |       |     2 ||     2
 Stab: Sleeping          |     2 |       ||     2
Armor: Robe              |    29 |    14 ||    43
Dodge: Dodged            |    64 |    19 ||    83
